 Dungeon Crawl Stone Soup version 0.22-a0-252-gcace5d2 (webtiles) character file.

260 galech the Ruffian (level 5, -11/53 HPs)
             Began as a Troll Monk on Mar 2, 2018.
             Was a Believer of Okawaru.
             Killed by divine providence
             ... invoked by an orc priest
              (14 damage)
             ... on level 4 of the Dungeon.
             The game lasted 00:05:30 (2647 turns).

galech the Ruffian (Troll Monk)                     Turns: 2647, Time: 00:05:31

Health: -11/53     AC:  5    Str: 20    XL:     5   Next: 95%
Magic:  2/4        EV: 29    Int:  6    God:    Okawaru [**....]
Gold:   109        SH:  0    Dex: 12    Spells: 4/4 levels left

rFire    . . .     SeeInvis .     - Unarmed
rCold    . . .     Gourm    +   (no shield)
rNeg     . . .     Faith    .   a - +0 robe
rPois    .         Spirit   .   (helmet restricted)
rElec    .         Reflect  .   (no cloak)
rCorr    .         Harm     .   (gloves unavailable)
MR       .....                  (boots unavailable)
Stlth    +++.......             n - amulet of the acrobat
HPRegen  0.57/turn              (no ring)
MPRegen  0.09/turn              (no ring)

@: heroism
A: large, unfitting armour, claws 3, fast metabolism 3, gourmand, regeneration
1, shaggy fur 1, tough skin 2
a: Heroism, Renounce Religion


You were on level 4 of the Dungeon.
You worshipped Okawaru.
Okawaru was pleased with you.
You were very full.

You visited 1 branch of the dungeon, and saw 4 of its levels.

You collected 133 gold pieces.
You spent 24 gold pieces at shops.

Inventory:

Armour
 a - a +0 robe (worn)
Jewellery
 n - an amulet of the acrobat (around neck)
Wands
 t - a wand of iceblast (9)
Scrolls
 c - 2 scrolls of noise
 h - 4 scrolls of teleportation
 j - a scroll of random uselessness
 k - a scroll of immolation
 l - a scroll of enchant armour
 q - a scroll of remove curse
 r - 2 scrolls of magic mapping
 s - a scroll of fear
Potions
 e - 2 potions of mutation {unknown}
 f - 2 potions of brilliance {unknown}
 g - a potion of berserk rage
 i - 2 potions of magic {unknown}
 m - 4 potions of lignification {unknown}
 o - 2 potions of curing {unknown}
Comestibles
 b - 13 rations


   Skills:
 + Level 3.4(8.4) Fighting
 + Level 3.5(8.5) Dodging
 - Level 1.2(6.2) Stealth
 + Level 4.9(9.9) Unarmed Combat


You had 4 spell levels left.
You didn't know any spells.

Dungeon Overview and Level Annotations

Branches:
Dungeon (4/15)
 Temple: D:4-7

Altars:
Ashenzari
Okawaru

Shops:
D:4 *

Annotations:
D:4 Edmund


Innate Abilities, Weirdness & Mutations

You are too large for most types of armour.
You have claws for hands.
Your metabolism is lightning-fast.
You like to eat raw meat.
Your natural rate of healing is unusually fast.
You are covered in fur. (AC +1)
You have very tough skin. (AC +2)


Message History

Beogh smites you!
* * * LOW HITPOINT WARNING * * *
You are too injured to fight recklessly!
You scratch the orc priest.
The orc priest is moderately wounded.
The orc priest hits you with a war axe.
* * * LOW HITPOINT WARNING * * *
You claw the orc priest!
You kill the orc priest!
Okawaru accepts your kill. The orc completely misses you.
The orc priest calls down the wrath of Beogh upon you.
Beogh smites you!
* * * LOW HITPOINT WARNING * * *
Edmund drinks a potion.
Edmund goes berserk!
Things that are here:
a war axe; a leather armour The orc priest invokes the aid of Beogh against you.
Beogh smites you!
You die...

#### #... ### # ...
..# ..
...####+###..# ...
#.#8..#...8#.#
....##.#....#...#.#
....o..#..o#@...#.#
.......##)#.#.#.'.#
#....†@#o#)#.##.#
#....#o...#...#.#
.......#...#....#.#
.......#8...#..8#.#
........###+####..#
..................#
....%......#...####


You could see an orc priest and an orc.

Vanquished Creatures
  A hound (D:4)
  An orc priest (D:4)
  Terence (D:3)
  Ijyb (D:3)
  A worker ant (D:4)
  Natasha (D:2)
  Robin (D:3)
  3 adders
  2 worms
  A dart slug (D:2)
  2 leopard geckos
  9 bats
  4 giant cockroaches
  9 goblins
  7 hobgoblins
  6 jackals
  A frilled lizard (D:3)
  2 kobolds
  8 rats
61 creatures vanquished.

Notes
Turn   | Place    | Note
-------+----------+-------------------------------------------
     0 | D:1      | galech the Troll Monk began the quest for the Orb.
     0 | D:1      | Reached XP level 1. HP: 22/22 MP: 0/0
   251 | D:1      | Found a shattered altar of Ashenzari.
   318 | D:1      | Reached XP level 2. HP: 27/29 MP: 1/1
   812 | D:2      | Noticed Natasha
   820 | D:2      | Killed Natasha
   820 | D:2      | Reached XP level 3. HP: 7/36 MP: 2/2
  1231 | D:2      | Found a faded altar of an unknown god.
  1561 | D:3      | Noticed Robin
  1572 | D:3      | Reached XP level 4. HP: 42/44 MP: 3/3
  1579 | D:3      | Reached skill level 4 in Unarmed Combat
  1585 | D:3      | Killed Robin
  1644 | D:3      | Noticed Terence
  1656 | D:3      | Killed Terence
  1755 | D:3      | Found an iron altar of Okawaru.
  1765 | D:3      | Became a worshipper of Warmaster Okawaru
  1765 | D:3      | Reached * piety under Okawaru
  1765 | D:3      | Reached ** piety under Okawaru
  1916 | D:3      | Noticed Ijyb
  1930 | D:3      | Killed Ijyb
  1930 | D:3      | Reached XP level 5. HP: 37/53 MP: 4/4
  2493 | D:4      | Found Kees's General Store.
  2513 | D:4      | Bought a scroll of identify for 24 gold pieces
  2638 | D:4      | Noticed Edmund
  2644 | D:4      | HP: 1/53 [orc priest/divine providence (11)]
  2647 | D:4      | Killed from afar by an orc priest

Vault maps used:
D:1:      lightli_arrival_statuegarden, ashenzari_altar_1
D:2:      chequers_ecumenical_altar_twisty, uniq_natasha
D:3:      minmay_hedge_maze, okawaru_ov_weapons_minmay, uniq_terence,
          uniq_robin, uniq_ijyb
D:4:      lemuel_castle_with_subvaults, nicolae_overflow_crystal_walls,
          first_ration, serial_shops, shop, nicolae_shop_overgrown_old_shop,
          shop, nicolae_shop_statue_plus, nicolae_shop_crystal,
          kennysheep_decorative_pillar, minivault_1, uniq_eustachio,
          uniq_blork_the_orc, uniq_edmund

Skill      XL: |  1  2  3  4 |
---------------+-------------+-----
Unarmed Combat | 4 |  4.9
Dodging        | 3 |  3.5
Fighting       | 3 |  3.4
Stealth        | |  1.2

Action                   |  1- 3 |  4- 6 || total
-------------------------+-------+-------++-------
Melee: Unarmed           |    84 |    92 ||   176
       Punch             |       |     5 ||     5
Invok: Heroism           |       |     1 ||     1
  Use: Scroll            |       |     8 ||     8
 Stab: Sleeping          |     1 |     2 ||     3
  Eat: Chunk             |    17 |    11 ||    28
Armor: Robe              |    33 |    25 ||    58
Dodge: Dodged            |    64 |    57 ||   121

Table legend:
 A = Spawn XP
 B = Non-spawn XP
 C = Spawn XP percentage of total XP
 D = Spawn monster count
 E = Non-spawn monster count
 F = Spawn count percentage of total count
 G = Total turns spent on level
                    A         B        C        D         E        F      G
               +---------+---------+-------+---------+---------+-------+---------
         Total |       0 |     372 |   0.0 |       0 |      61 |   0.0 |  2647
               +---------+---------+-------+---------+---------+-------+---------
           D:1 |       0 |      17 |   0.0 |       0 |      10 |   0.0 |   593
           D:2 |       0 |      64 |   0.0 |       0 |      17 |   0.0 |   867
           D:3 |       0 |     152 |   0.0 |       0 |      27 |   0.0 |  1033
           D:4 |       0 |     139 |   0.0 |       0 |       7 |   0.0 |   154
               +---------+---------+-------+---------+---------+-------+---------
